 Dungeon Crawl Stone Soup version 0.30.0-20-g3b4254fcbd (webtiles) character file.

Game seed: 2140820668270972878

44897 Peloso the Carver (level 13, -4/123 HPs)
             Began as a Minotaur Fighter on June 2, 2023.
             Was a High Priest of Okawaru.
             Shot with an arrow by something (7 damage)
             ... on level 13 of the Dungeon.
             The game lasted 00:49:06 (23562 turns).

Peloso the Carver (Minotaur Fighter)               Turns: 23562, Time: 00:49:07

Health: -4/123     AC: 23    Str: 28    XL:     13   Next: 98%
Magic:  13/13      EV: 11    Int:  5    God:    Okawaru [*****.]
Gold:   2030       SH:  7    Dex: 14    Spells: 12/12 levels left

rFire   . . .        a - +4 scimitar (flame)
rCold   . . .        d - +0 buckler
rNeg    + . .        J - +3 chain mail {rPois}
rPois   +            (helmet restricted)
rElec   .            q - +0 cloak
rCorr   .            G - +2 pair of gloves
SInv    .            z - +0 pair of boots
Will    .....        (no amulet) Stlth
                     k - ring of positive energy
HPRegen 0.40/turn    K - +6 ring of strength
MPRegen 0.13/turn

%: no passive effects
@: about to teleport
A: horns 2, retaliatory headbutt
a: Renounce Religion, Heroism, Finesse, Duel


You were on level 13 of the Dungeon.
You worshipped Okawaru.
Okawaru was extremely pleased with you.
You visited 4 branches of the dungeon, and saw 19 of its levels.
You also visited: Sewer, Ossuary and Bailey.

You collected 2613 gold pieces.
You spent 583 gold pieces at shops.

Inventory:

Hand Weapons
 a - a +4 scimitar of flaming (weapon)
 b - a +0 vampiric demon blade
 c - the +4 spear "Taseis" {freeze, +Blink rCorr Dex+2}
   (You found it on level 4 of the Dungeon)

   Dex:       It affects your dexterity (+2).
   +Blink:    It lets you blink.
   rCorr:     It protects you from acid and corrosion.
Armour
 d - a +0 buckler (worn)
 q - a +0 cloak (worn)
 z - a +0 pair of boots (worn)
 G - a +2 pair of gloves (worn)
 J - a +3 chain mail of poison resistance (worn)
Magical Staves
 r - a staff of fire
Jewellery
 g - a +6 ring of intelligence
 k - a ring of positive energy (left hand)
 u - a ring of fire
 H - a ring of ice
 K - a +6 ring of strength (right hand)
 R - an amulet of magic regeneration
 T - a ring of willpower
Wands
 y - a wand of flame (45)
 A - a wand of polymorph (16)
 C - a wand of digging (5)
 L - a wand of acid (6)
 P - a wand of iceblast (6)
Scrolls
 h - a scroll of silence
 i - 3 scrolls of teleportation
 j - 3 scrolls of fog
 l - 7 scrolls of enchant weapon
 m - 3 scrolls of immolation
 n - 2 scrolls of enchant armour
 p - 2 scrolls of blinking
 s - 5 scrolls of magic mapping
 B - 2 scrolls of amnesia
 I - 2 scrolls of fear
 M - 3 scrolls of noise
 Q - a scroll of brand weapon
Potions
 e - 5 potions of might
 f - a potion of haste
 o - 5 potions of degeneration
 t - 4 potions of flight
 v - a potion of magic
 w - 3 potions of curing
 x - 3 potions of mutation
 D - 3 potions of cancellation
 E - 2 potions of invisibility
 F - 4 potions of brilliance
 N - a potion of ambrosia
 S - 2 potions of resistance
Miscellaneous
 O - a lightning rod (4/4)


   Skills:
 + Level 13.6 Fighting
 + Level 14.7 Long Blades
 + Level 10.0 Polearms
 + Level 14.3 Armour
 + Level 5.7 Dodging
 + Level 3.0 Stealth
 + Level 11.4 Shields
 + Level 2.1 Invocations
 + Level 1.2 Evocations


You had 12 spell levels left.
You didn't know any spells.
Your spell library contained the following spells:

 Spells                   Type           Power      Damage    Failure   Level
 Kiss of Death            Conj/Necr      0%         2d5       87%         1
 Magic Dart               Conj           0%         1d3       87%         1
 Slow                     Hex            0%         N/A       87%         1
 Poisonous Vapours        Pois/Air       0%         N/A       95%         2
 Confusing Touch          Hex            0%         N/A       99%         3
 Hailstorm                Conj/Ice       0%         3d3       99%         3
 Mephitic Cloud           Conj/Pois/Air  0%         N/A       99%         3
 Ozocubu's Armour         Ice            0%         N/A       99%         3
 Vampiric Draining        Necr           0%         2d6       99%         3
 Vhi's Electric Charge    Tloc/Air       0%         N/A       99%         3
 Dispel Undead            Necr           0%         3d6       100%        4
 Ice Form                 Ice/Tmut       0%         N/A       100%        4
 Arcjolt                  Conj/Air       0%         1d10      100%        5
 Freezing Cloud           Conj/Ice/Air   0%         6-21      100%        5
 Metabolic Englaciation   Hex/Ice        0%         N/A       100%        5
 Plasma Beam              Fire/Air       0%         2x1d11    100%        6
 Maxwell's Capacitive Co  Air            0%         ∞         100%        8
 Call Imp                 Summ           Unusable   N/A       N/A         2
 Simulacrum               Ice/Necr       Unusable   N/A       N/A         6

Dungeon Overview and Level Annotations

Branches:
Dungeon (13/15)            Temple (1/1) D:7            Lair (3/5) D:10
  Swamp (0/4) Lair:3        Snake (0/4) Lair:3          Orc (2/2) D:12
    Elf (0/3) Orc:2        Vaults (0/5) D:13          Sewer (visited)
Ossuary (visited)          Bailey (visited)

Altars:
Ashenzari
Cheibriados
Elyvilon
Gozag
Hepliaklqana
Kikubaaqudgha
Nemelex Xobeh
Okawaru
Trog
Vehumet
Wu Jian
Yredelemnul
Zin

Shops:
Orc:2 :*([

Annotations:
D:5 2 transporters, ripuliukko's ghost, amateur DEEE
D:13 Nessos


Innate Abilities, Weirdness & Mutations

You have a pair of horns on your head.
You reflexively headbutt those who attack you in melee.


Message History

You are poisoned.
You hear a bow twang.
An arrow appears from out of thin air!
The arrow hits you! The arrow burns you.
You feel very sick.
You hear a bow twang.
An arrow appears from out of thin air!
The arrow hits you! The arrow burns you.
You feel very sick.
You hear a bow twang.
An arrow appears from out of thin air!
The arrow hits you but does no damage.
You hear a bow twang.
An arrow appears from out of thin air!
The arrow hits you! The arrow burns you.
You feel sick.
You feel sick.
You hear a bow twang.
An arrow appears from out of thin air!
The arrow hits you! The arrow burns you.
* * * LOW HITPOINT WARNING * * *
You hear a bow twang.
An arrow appears from out of thin air!
The arrow hits you!!
* * * LOW HITPOINT WARNING * * *
The arrow burns you.
* * * LOW HITPOINT WARNING * * *
You can't see any enemies this would affect, really read the scroll of fear? [Y]es or [N]o only, please.
You can't see any enemies this would affect, really read the scroll of fear?
Okay, then.
You feel better.
You hear a bow twang.
An arrow appears from out of thin air!
The arrow hits you but does no damage.
You hear a bow twang.
An arrow appears from out of thin air!
The arrow hits you.
* * * LOW HITPOINT WARNING * * *
The arrow burns you.
* * * LOW HITPOINT WARNING * * *
As you read the scroll of teleportation, it crumbles to dust.
You feel strangely unstable.
You hear a bow twang.
An arrow appears from out of thin air!
The arrow hits you!
* * * LOW HITPOINT WARNING * * *
The arrow burns you!
You die...

#.#...)...##.........#
#.####'####...>......#
#............#.......# ##
#............#.......# #...
##............#......# ###
#....
########'##.##......###.##.....
#..# #....#.............
#+####..# #..................
#....'..# ##.@........[.......
####.######...###..#..........
#........### ####......##..
########## #.....####..
###...(#.... ##........
##...##.. ###..... ##.#.#


There were no monsters in sight!

Vanquished Creatures
  2 orc warlords (Orc:1)
  Josephine (D:13)
  Erolcha (D:9)
  4 two-headed ogres
  Erica (D:10)
  A catoblepas (Lair:3)
  An orc high priest (Orc:1)
  Nergalle (Orc:2)
  5 orc knights
  Pikel (D:7)
  3 deep elf pyromancers
  5 deep elf zephyrmancers (Orc:2)
  2 orc sorcerers
  A necromancer (D:13)
  2 ugly things
  A salamander (Lair:3)
  2 cyclopes
  A black mamba (Lair:3)
  7 cane toads
  2 gargoyles
  3 kobold demonologists
  2 unseen horrors (D:8)
  5 komodo dragons
  Psyche (D:10)
  2 trolls
  8 blink frogs
  7 wraiths
  5 wyverns
  2 shadows
  A basilisk (D:8)
  A vampire (D:12)
  23 yaks
  4 steam dragons
  13 vampire mosquitoes
  3 acid dragons
  4 wargs
  10 water moccasins
  2 black bears
  An ice beast (D:7)
  35 orc warriors
  8 ogres
  8 wolves
  14 centaurs
  A lemure (D:7)
  12 kobold brigands
  Blork the orc (D:6)
  11 bullfrogs
  4 scorpions
  13 wights
  7 killer bees
  8 howler monkeys
  3 lava snakes (Lair:3)
  2 gnoll boudas
  20 orc priests
  A sleepcap (D:6)
  2 hounds
  4 hell rats (Lair:2)
  3 iguanas
  25 orc wizards
  9 mummies
  7 adders
  2 river rats (Sewer)
  9 worms
  64 orcs
  13 bats
  2 bat zombies (D:7)
  8 endoplasms
  2 giant cockroaches (D:3)
  A gnoll zombie (D:5)
  10 goblins
  4 hobgoblins
  8 jackals
  18 kobolds
  6 quokkas
  13 ball pythons
  7 frilled lizards
  4 kobold zombies (Ossuary)
  4 orc zombies (Ossuary)
  4 rats
  A rat zombie (D:7)
519 creatures vanquished.

Vanquished Creatures (others)
  A deep elf zephyrmancer (Orc:2)
  2 orc wizards
  An orc (Orc:1)
4 creatures vanquished.

Grand Total: 523 creatures vanquished

Notes
Turn   | Place    | Note
-------+----------+-------------------------------------------
     0 | D:1      | Peloso the Minotaur Fighter began the quest for the Orb.
     0 | D:1      | Reached XP level 1. HP: 19/19 MP: 0/0
   285 | D:1      | Reached XP level 2. HP: 27/27 MP: 1/1
  1048 | D:2      | Found an ornate altar of the Wu Jian Council.
  1530 | D:2      | Found a faded altar of an unknown god.
  1558 | D:2      | Reached XP level 3. HP: 24/33 MP: 2/2
  1754 | D:3      | Reached XP level 4. HP: 25/40 MP: 3/3
  2180 | D:4      | Reached skill level 5 in Shields
  2180 | D:4      | Reached XP level 5. HP: 46/46 MP: 4/4
  2282 | D:4      | Identified the +4 spear "Taseis" {freeze, +Blink rCorr
                  | Dex+2}
  2358 | D:4      | Noticed an ogre
  2364 | D:4      | Killed an ogre
  2386 | D:4      | Reached skill level 5 in Long Blades
  2395 | D:4      | Reached XP level 6. HP: 53/53 MP: 5/5
  2779 | D:5      | Entered Level 5 of the Dungeon
  2787 | D:5      | Noticed a water moccasin
  2794 | D:5      | Killed a water moccasin
  2795 | D:5      | Reached skill level 1 in Polearms
  2902 | D:5      | Reached skill level 5 in Fighting
  2966 | D:5      | Found a sand-covered staircase.
  2977 | D:5      | Reached XP level 7. HP: 27/61 MP: 6/6
  2981 | D:5      | Reached skill level 5 in Armour
  3008 | Ossuary  | Entered an ossuary
  3804 | D:5      | Identified the +5 scale mail of Doir {rElec rPois Str+4}
  3804 | D:5      | Identified the +2 kite shield of a treasure trove {Harm rF-
                  | Int+9}
  3827 | D:5      | Found a transporter.
  3833 | D:5      | Found a transporter.
  3894 | D:5      | Noticed ripuliukko's ghost (amateur DEEE)
  3963 | D:5      | Found an ornate altar of the Wu Jian Council.
  3966 | D:5      | Found a glowing silver altar of Zin.
  3971 | D:5      | Found a white marble altar of Elyvilon.
  4034 | D:6      | Found a glowing drain.
  4039 | Sewer    | Entered a sewer
  4822 | D:6      | Found a broken altar of Ashenzari.
  4907 | D:6      | Reached XP level 8. HP: 65/69 MP: 7/7
  4966 | D:6      | Reached skill level 5 in Polearms
  5251 | D:6      | Noticed Blork the orc
  5266 | D:6      | Killed Blork the orc
  5304 | D:6      | Found a basalt altar of Yredelemnul.
  5865 | D:7      | Noticed Pikel
  5891 | D:7      | Killed Pikel
  5892 | D:7      | Reached skill level 1 in Dodging
  5892 | D:7      | Reached XP level 9. HP: 65/78 MP: 8/8
  5980 | D:7      | Found a snail-covered altar of Cheibriados.
  6031 | D:7      | Reached skill level 1 in Stealth
  6338 | D:7      | Found an opulent altar of Gozag.
  6395 | D:7      | Found an ancient bone altar of Kikubaaqudgha.
  6441 | D:7      | Found a staircase to the Ecumenical Temple.
  6450 | Temple   | Entered the Ecumenical Temple
  6475 | Temple   | Became a worshipper of Warmaster Okawaru
  6772 | D:8      | Found a flagged portal.
  6872 | Bailey   | Entered a bailey
  7166 | Bailey   | Noticed an orc knight
  7189 | Bailey   | Found a burning altar of Makhleb.
  7197 | Bailey   | Reached * piety under Okawaru
  7383 | Bailey   | Reached XP level 10. HP: 88/88 MP: 6/9
  7397 | Bailey   | Killed an orc knight
  7663 | D:8      | Found a hazy altar of Hepliaklqana.
  7833 | D:8      | Reached skill level 10 in Polearms
  8165 | D:8      | Reached ** piety under Okawaru
  8399 | D:8      | Noticed a sixfirhy
  8404 | D:8      | Noticed a smoke demon
  8407 | D:8      | Reached skill level 10 in Armour
  9096 | D:8      | Reached XP level 11. HP: 34/97 MP: 7/10
  9103 | D:8      | Reached *** piety under Okawaru
  9496 | D:9      | Found a sparkling altar of Nemelex Xobeh.
  9644 | D:9      | Noticed Erolcha
  9663 | D:9      | Killed Erolcha
  9856 | D:9      | Noticed a two-headed ogre
  9871 | D:9      | Killed a two-headed ogre
  9872 | D:9      | Reached skill level 1 in Invocations
 10495 | D:10     | Entered Level 10 of the Dungeon
 11055 | D:10     | Reached skill level 10 in Fighting
 11059 | D:10     | Noticed Erica
 11068 | D:10     | Killed Erica
 11068 | D:10     | Reached **** piety under Okawaru
 11069 | D:10     | Reached skill level 10 in Long Blades
 11319 | D:10     | Found a staircase to the Lair.
 11592 | D:11     | Noticed Psyche
 11593 | D:11     | Noticed a soul eater
 11616 | D:10     | Killed Psyche
 11722 | D:11     | Noticed a two-headed ogre
 11784 | D:10     | Killed a two-headed ogre
 12048 | D:11     | Noticed a deep elf pyromancer
 12058 | D:11     | Killed a deep elf pyromancer
 12205 | D:11     | Reached XP level 12. HP: 105/108 MP: 10/12
 12598 | Lair:1   | Entered Level 1 of the Lair of Beasts
 12602 | Lair:1   | Reached ***** piety under Okawaru
 14648 | Lair:3   | Reached skill level 10 in Shields
 14652 | Lair:3   | Identified the +0 hat "Rusmomn" {rN++ Will- Int+5} (Okawaru
                  | gifted it to you on level 3 of the Lair of Beasts)
 14652 | Lair:3   | Received a gift from Okawaru
 14978 | Lair:3   | Found a staircase to the Snake Pit.
 15362 | Lair:3   | Noticed a catoblepas
 15382 | Lair:3   | Killed a catoblepas
 15875 | Lair:3   | Found a staircase to the Swamp.
 16684 | D:12     | Reached XP level 13. HP: 106/118 MP: 13/13
 16958 | D:12     | Reached skill level 5 in Dodging
 17390 | D:12     | Found a staircase to the Orcish Mines.
 17975 | Orc:1    | Entered Level 1 of the Orcish Mines
 18363 | Orc:2    | Entered Level 2 of the Orcish Mines
 18363 | Orc:2    | Noticed an orc warlord
 18506 | Orc:1    | Killed an orc warlord
 19255 | Orc:2    | Found a staircase to the Elven Halls.
 19295 | Orc:1    | Received a gift from Okawaru
 19546 | Orc:2    | Noticed an orc warlord
 20014 | Orc:1    | Killed an orc warlord
 20311 | Orc:2    | Paralysed by an orc sorcerer for 2 turns
 20332 | Orc:1    | Paralysed by an orc sorcerer for 5 turns
 20727 | Orc:2    | Noticed Nergalle
 20750 | Orc:2    | Killed Nergalle
 20804 | Orc:2    | Found Nosiun's Book Emporium.
 21061 | Orc:2    | Found Wirrusacw's Antique Weapon Emporium.
 21075 | Orc:2    | Bought a fine long sword for 289 gold pieces
 21075 | Orc:2    | Identified the +6 long sword of Imbalance {distort, rN++
                  | MP-9} (You bought it in a shop on level 2 of the Orcish
                  | Mines)
 21095 | Orc:2    | Found Jaibb's Antique Armour Emporium.
 21111 | Orc:2    | Found Egruroir's General Store.
 21119 | Orc:2    | Bought a wand of digging (5) for 294 gold pieces
 22236 | Orc:2    | Received a gift from Okawaru
 22599 | Orc:1    | Reached skill level 1 in Evocations
 23024 | D:13     | Noticed Josephine
 23047 | D:13     | Killed Josephine
 23047 | D:13     | Identified the +0 ring mail of the Orb {Drain rN++ Regen+
                  | MP+9} (Okawaru gifted it to you on level 13 of the Dungeon)
 23047 | D:13     | Received a gift from Okawaru
 23119 | D:13     | Noticed Nessos
 23386 | D:13     | Found a gate to the Vaults.
 23562 | D:13     | HP: 3/123 [something (14)]
 23562 | D:13     | Shot with an arrow by something

Illustrated notes

Levels and vault maps discovered:
D:1:      nicolae_arrival_washed_ashore, layout_basic
D:2:      layout_loops_cross, ebering_ecumenical_altar_hall, basic_altar
D:3:      layout_rooms
D:4:      nicolae_cairo_tiling, layout_rooms
D:5:      layout_loops_ring, grunt_temple_overflow_diamond,
          gammafunk_ghost_gnarly_gnolls, enter_ossuary_3,
          minmay_misc_feat_doors, nicolae_wormholes
D:6:      layout_basic, nicolae_overflow_crystal_walls, amcnicky_altar_gilded,
          gup_sewer_entry_bowl, kennysheep_generic_room_10, uniq_blork_the_orc
D:7:      layout_rooms, lemuel_crystal_altar, lemuel_zombie_altar_kikubaaqudgha,
          slow_altar_1, minmay_temple_entry_overgrown, dreamdust_gnoll_shepherd,
          uniq_pikel
D:8:      nzn_winding_woodlands_stair_cross [nzn_winding_woodlands_5x15_jagged,
          nzn_winding_woodlands_center_pierced_h,
          nzn_winding_woodlands_5x15_concentric,
          nzn_winding_woodlands_5x5_perimeter, nzn_winding_woodlands_5x5_three,
          nzn_winding_woodlands_5x15_garden,
          nzn_winding_woodlands_center_garden,
          nzn_winding_woodlands_5x15_default], layout_basic,
          nicolae_hepliaklqana_hazy_memory, enter_bailey_3
D:9:      layout_loops_ring, nemelex_xobeh_ov_fountains_minmay, serial_aquarium,
          aquarium_bridge_square [aquarium_subvault_bridge,
          aquarium_subvault_bridge, aquarium_subvault_window,
          aquarium_subvault_window], aquarium_bridge_square
          [aquarium_subvault_wall, aquarium_subvault_bridge,
          aquarium_subvault_bridge, aquarium_subvault_window],
          aquarium_window_corridor_2, aquarium_window_2, aquarium_view_2d,
          aquarium_pool_side, uniq_erolcha
D:10:     layout_basic, david_lair_shrubbed, uniq_erica
D:11:     layout_cave_pools, uniq_psyche
D:12:     layout_rooms, orc_0_dummy
D:13:     minmay_recursive_quarters, layout_cave_pools, david_vaults_1,
          serial_column_ruins, column_ruins_hut, column_ruins_open_tiny,
          column_ruins_open_small, column_ruins_corridor_straight,
          yredelemnul_forgotten_temple_becter, uniq_nessos, uniq_josephine
Temple:   hellmonk_temple_flake
Lair:1:   layout_gridlike, grunt_megastairs_2
Lair:2:   layout_regular_city, lemuel_fruit_fields
Lair:3:   layout_concentric_octagons, minmay_swamp_entry_swarm,
          nicolae_snake_entry_warm_welcome
Orc:1:    layout_caves
Orc:2:    grunt_orc_cross, layout_caves, elves_outpost_lemuel

Skill      XL: |  1  2  3  4  5  6  7  8  9 10 11 12 13 |
---------------+----------------------------------------+-----
Shields        | 4 5 6 7 8 9 10 11 | 11.4
Long Blades    | 3 4 5 6 9 11 13 14 | 14.7
Armour         | 4 6 8 9 10 11 12 14 | 14.3
Fighting       | 4 5 6 7 9 10 12 13 | 13.6
Polearms       | 1 4 7 9 10 | 10.0
Dodging        | 1 2 4 5 |  5.7
Stealth        | 2 3 |  3.0
Invocations    | 1 2 |  2.1
Evocations     | 1 |  1.2

Action                     |  1- 3 |  4- 6 |  7- 9 | 10-12 | 13-15 || total
---------------------------+-------+-------+-------+-------+-------++-------
  Melee: Long sword        |   107 |    49 |       |       |       ||   156
         Headbutt          |    19 |    20 |    81 |   153 |   107 ||   380
         Spear             |       |    64 |   426 |    20 |       ||   510
         Falchion          |       |       |       |   341 |       ||   341
         Scimitar          |       |       |       |   356 |   539 ||   895
 Invoke: Heroism           |       |       |     1 |    12 |    10 ||    23
  Evoke: Wand              |       |       |       |       |     7 ||     7
    Use: Potion            |     2 |       |     4 |     4 |    10 ||    20
         Scroll            |       |       |    17 |     9 |     5 ||    31
   Stab: Distracted        |       |       |     1 |       |     1 ||     2
 Armour: Plate armour      |    75 |    61 |   256 |     1 |       ||   393
         Chain mail        |       |       |       |   413 |   293 ||   706
  Dodge: Dodged            |    37 |    31 |   110 |   306 |   289 ||   773
  Block: Buckler           |    28 |    20 |   100 |   212 |   210 ||   570
